 Dungeon Crawl Stone Soup version 0.30.1-11-g7821555f0a (webtiles) character file.

Game seed: 9539677861387437987

66 porpoise the Shooter (level 4, -6/34 HPs)
             Began as a Human Hunter on Jan 16, 2024.
             Killed by divine providence
             ... invoked by an orc priest
              (15 damage)
             ... on level 3 of the Dungeon.
             The game lasted 00:03:19 (1240 turns).

porpoise the Shooter (Human Hunter)                 Turns: 1240, Time: 00:03:20

Health: -6/34      AC:  3    Str: 11    XL:     4   Next: 37%
Magic:  4/4        EV: 12    Int:  9    God:
Gold:   148        SH:  0    Dex: 19    Spells: 3/3 levels left

rFire   . . .        a - +0 shortbow
rCold   . . .        (shield currently unavailable)
rNeg    . . .        c - +0 leather armour
rPois   .            (no helmet)
rElec   .            (no cloak)
rCorr   .            (no gloves)
SInv    .            (no boots)
Will    .....        (no amulet)
Stlth   ++           (no ring)
HPRegen 0.25/turn    (no ring)
MPRegen 0.09/turn

%: no passive effects
@: no status effects
A: no striking features
a: no special abilities


You were on level 3 of the Dungeon.
You visited 1 branch of the dungeon, and saw 3 of its levels.

You collected 148 gold pieces.

Inventory:

Hand Weapons
 a - a +0 shortbow (weapon)
Missiles
 g - 4 silver boomerangs
 l - 6 boomerangs
 o - 8 poisoned darts
Armour
 c - a +0 leather armour (worn)
Jewellery
 j - a ring of wizardry
Scrolls
 b - a scroll of immolation
 d - 4 scrolls of identify
 e - a scroll of amnesia {unknown}
 f - a scroll of enchant armour {unknown}
 i - a scroll of teleportation {unknown}
 m - a scroll of fog {unknown}
 n - a scroll of acquirement {unknown}
Potions
 h - 2 potions of berserk rage
 k - 2 potions of lignification {unknown}


   Skills:
 + Level 2.9 Fighting
 * Level 5.1 Ranged Weapons
 - Level 2.0 Dodging
 - Level 1.0 Stealth


You had 3 spell levels left.
You didn't know any spells.
Your spell library contained the following spells:

 Spells                   Type           Power      Damage    Failure   Level
 Sting                    Tmut/Pois      0%         1d3       47%         1
 Poisonous Vapours        Pois/Air       0%         N/A       63%         2
 Sublimation of Blood     Necr           0%         N/A       63%         2
 Wereblood                Tmut           0%         N/A       63%         2
 Olgreb's Toxic Radiance  Pois           0%         N/A       99%         4
 Summon Hydra             Summ           0%         N/A       100%        7


Dungeon Overview and Level Annotations

Branches:
Dungeon (3/15)

Altars:


Message History

Found a stone staircase leading down.
You now have 148 gold pieces (gained 8).
An orc comes into view. It is wielding a +0 dagger.
You shoot an arrow. The orc shouts!
The arrow hits the orc but does no damage.
You hear a shout!
You shoot an arrow. The arrow hits the orc!
You kill the orc!
No target in view!
An orc comes into view. It is wielding a +0 war axe.
You shoot an arrow. The arrow closely misses the orc.
An orc priest comes into view. It is wielding a +0 short sword.
You shoot an arrow. The arrow closely misses the orc.
The orc priest shouts!
The orc priest mumbles some strange prayers to Beogh against you.
Beogh smites you!
You shoot an arrow. The arrow hits the orc!
You kill the orc!
The orc priest calls down the wrath of Beogh upon you.
Beogh smites you!
* * * LOW HITPOINT WARNING * * *
You hear a shout!
You are too injured to fight recklessly!
You are too injured to fight recklessly!
You are too injured to fight recklessly!
Fire: a) +0 shortbow
Press: ? - help, Q - select action, (/) - cycle Shift-Dir - straight line, f - orc priest
Aim: an orc priest, wielding a +0 short sword (64% to hit)
You shoot an arrow. The arrow hits the orc priest.
The orc priest is moderately wounded.
Fire: a) +0 shortbow
Press: ? - help, Q - select action, (/) - cycle Shift-Dir - straight line, f/p - orc priest
Aim: an orc priest, wielding a +0 short sword (moderately wounded, 64% to hit)
You shoot an arrow.
The arrow closely misses the orc priest.
A hobgoblin comes into view.
The orc priest calls down the wrath of Beogh upon you.
Beogh smites you!
You die...

.## #.... g#....
###..o... #
#..)..... ###.
##)#......
#..>.##.<.......
#)............
#####@..#####.
##.## #≈.≈#
#≈.≈# #.≈.≈#
....≈≈≈.#
####...#.#
##..#.# #.##..


You could see an orc priest and a hobgoblin (wandering).

Vanquished Creatures
  An adder (D:2)
  A worm (D:2)
  2 dart slugs
  2 orcs (D:3)
  6 endoplasms
  2 giant cockroaches
  5 goblins (D:1)
  3 hobgoblins
  6 kobolds
  A quokka (D:2)
  4 ball pythons
  6 bats
  3 frilled lizards (D:1)
  3 rats
45 creatures vanquished.

Notes
Turn   | Place    | Note
-------+----------+-------------------------------------------
     0 | D:1      | porpoise the Human Hunter began the quest for the Orb.
     0 | D:1      | Reached XP level 1. HP: 16/16 MP: 1/1
    87 | D:1      | Reached XP level 2. HP: 22/22 MP: 2/2
   134 | D:1      | Found a faded altar of an unknown god.
   284 | D:1      | Reached XP level 3. HP: 28/28 MP: 3/3
   868 | D:2      | Reached XP level 4. HP: 34/34 MP: 4/4
   888 | D:2      | Reached skill level 5 in Ranged Weapons
  1240 | D:3      | Killed from afar by an orc priest

Illustrated notes

Levels and vault maps discovered:
D:1:      minmay_arrival_three_doors, layout_loops_ring, basic_ecumenical_altar
D:2:      layout_rooms
D:3:      minmay_wonky_spiral, layout_loops_ring, general_overflow_altar,
          mainiacjoe_overflow_tiny_flanked, minivault_5,
          chequers_serial_rivers_micro_d, moated_statue, uniq_jessica

Skill      XL: |  1  2  3  4 |
---------------+-------------+-----
Ranged Weapons | 5 |  5.1
Fighting       | |  2.9
Dodging        | |  2.0
Stealth        | |  1.0

Action                     |  1- 3 |  4- 6 || total
---------------------------+-------+-------++-------
   Fire: Shortbow          |    72 |    27 ||    99
    Use: Scroll            |     2 |       ||     2
 Armour: Leather armour    |     4 |       ||     4
  Dodge: Dodged            |    14 |       ||    14
